 Dungeon Crawl Stone Soup version 0.30-a0-311-gf115ab0292 (webtiles) character file.

Game seed: 849013027848239787

130 Devinter the Sneak (level 5, -3/32 HPs)
             Began as a Kobold Brigand on Oct 25, 2022.
             Killed from afar by an orc wizard (8 damage)
             ... with a magic dart
             ... on level 3 of the Dungeon.
             The game lasted 00:15:45 (2607 turns).

Devinter the Sneak (Kobold Brigand)                 Turns: 2607, Time: 00:15:46

Health: -3/32      AC:  5    Str:  8    XL:     5   Next: 36%
Magic:  4/7        EV: 15    Int: 13    God:
Gold:   141        SH:  0    Dex: 18    Spells: 3/7 levels left

rFire   x . .      SeeInvis .    a - +2 dagger
rCold   + . .      Faith    .    (no shield)
rNeg    . . .      Spirit   .    b - +0 robe
rPois   .          Reflect  .    (no helmet)
rElec   .          Harm     .    r - +2 cloak
rCorr   .          Rampage  .    (no gloves)
Will    .....                    (no boots)
Stlth   ++........               (no amulet)
HPRegen 0.25/turn                m - ring of ice
MPRegen 0.10/turn                (no ring)

@: confused
A: small, no large weapons, nightstalker 3
a: no special abilities


You were on level 3 of the Dungeon.
You visited 1 branch of the dungeon, and saw 3 of its levels.

You collected 141 gold pieces.

Inventory:

Hand Weapons
 a - a +2 dagger (weapon)
Missiles
 d - 12 poisoned darts (quivered)
 e - 3 curare-tipped darts
 i - 40 stones
Armour
 b - a +0 robe (worn)
 c - a scarf of repulsion
 r - a +2 cloak (worn)
Jewellery
 g - an amulet of guardian spirit
 m - a ring of ice (left hand)
Wands
 B - a wand of polymorph (6)
Scrolls
 h - 2 scrolls of immolation {unknown}
 l - 4 scrolls of identify {unknown}
 n - 2 scrolls of teleportation {unknown}
 o - 2 scrolls of acquirement {unknown}
 p - a scroll of fog {unknown}
 u - a scroll of poison {unknown}
 v - a scroll of enchant armour {unknown}
 w - a scroll of amnesia {unknown}
 y - a scroll of summoning {unknown}
 A - a scroll of noise {unknown}
Potions
 f - a potion of mutation {unknown}
 j - 2 potions of curing {unknown}
 k - a potion of berserk rage {unknown}
 q - a potion of invisibility {unknown}
 s - a potion of might {unknown}
 t - a potion of degeneration {unknown}
 x - a potion of resistance {unknown}
 z - a potion of lignification {unknown}


   Skills:
 - Level 3.0 Fighting
 - Level 3.0 Short Blades
 - Level 3.0 Throwing
 - Level 2.0 Dodging
 - Level 6.0 Stealth
 + Level 1.6 Spellcasting
 + Level 2.0 Ice Magic


You had 3 spell levels left.
You knew the following spells:

 Your Spells              Type           Power      Damage    Failure   Level
a - Freeze                Ice            36%        1d5       12%         1
b - Frozen Ramparts       Ice            18%        1d3       34%         3

Your spell library contained the following spells:

 Spells                   Type           Power      Damage    Failure   Level
 Hailstorm                Conj/Ice       5%         3d4       45%         3


Dungeon Overview and Level Annotations

Branches:
Dungeon (3/15)

Altars:


Innate Abilities, Weirdness & Mutations

You are small and have problems with some larger weapons.
You are completely attuned to the shadows.


Message History

Casting: Freeze (safe; 12% risk of failure)
Confirm with . or Enter, or press ? or * to list all spells.
Aiming: Freeze (safe; 12% risk of failure)
Press: ? - help, Shift-Dir - straight line You feel a surge of power!
You freeze something. Something hits you.
Casting: Freeze (safe; 12% risk of failure)
Confirm with . or Enter, or press ? or * to list all spells.
Aiming: Freeze (safe; 12% risk of failure)
Press: ? - help, Shift-Dir - straight line You feel a surge of power!
You miscast Freeze.
You are very lightly contaminated with residual magic.
Nothing appears to happen.
Something hits you but does no damage.
Casting: Freeze (safe; 12% risk of failure)
Confirm with . or Enter, or press ? or * to list all spells.
Aiming: Freeze (safe; 12% risk of failure)
Press: ? - help, Shift-Dir - straight line You feel a surge of power!
You freeze something.
You hear some strange, mumbled words.
A puff of flame appears from out of thin air!
The puff of flame hits you!! The fire burns you terribly!
Ouch! That really hurt!
* * * LOW HITPOINT WARNING * * *
You hit something but do no damage.
You hear some strange, mumbled words.
Something tries to affect you, but you resist.
You hit something. Something hits you.
* * * LOW HITPOINT WARNING * * *
You completely miss something. Something hits you.
* * * LOW HITPOINT WARNING * * *
You hit something. Something hits you but does no damage.
You completely miss something. You closely miss something.
Something barely misses you.
Your magical contamination has completely faded away.
You miss something.
You hear some strange, mumbled words.
You are confused.
A magic dart appears from out of thin air!
The magic dart hits you!
You die...

###...####>........####......#
##.## ##.......## #..##### #.#
##.....## #..# #.# ##...##
#..##### #.# ##+## #.......
#.# .# #.###### #.# ### .# #.#
###.######{##.### #.#
#.......#.#.@.... #.#
#######..###.#### #.#
.###.#.#### ###.# ...##..#
#>..# ....#..# ##### ♣..'##o.
♣♣..§≈o. ♣..≈§.. ♣..≈≈o.


There were no monsters in sight!

Vanquished Creatures
  An iguana (D:3)
  3 adders
  3 dart slugs
  6 ball pythons
  3 endoplasms
  3 giant cockroaches
  5 goblins
  6 hobgoblins
  3 jackals (D:1)
  7 quokkas
  6 bats
  9 frilled lizards
  8 kobolds
  7 rats
70 creatures vanquished.

Notes
Turn   | Place    | Note
-------+----------+-------------------------------------------
     0 | D:1      | Devinter the Kobold Brigand began the quest for the Orb.
     0 | D:1      | Reached XP level 1. HP: 12/12 MP: 1/1
   183 | D:1      | Reached XP level 2. HP: 17/17 MP: 2/2
   192 | D:1      | Learned a level 1 spell: Freeze
   461 | D:1      | Reached skill level 3 in Short Blades
   461 | D:1      | Reached XP level 3. HP: 17/22 MP: 2/4
  1256 | D:2      | Reached skill level 1 in Spellcasting
  1298 | D:2      | Reached skill level 2 in Dodging
  1298 | D:2      | Reached XP level 4. HP: 27/27 MP: 5/5
  1327 | D:2      | Reached skill level 1 in Ice Magic
  1489 | D:2      | Learned a level 3 spell: Frozen Ramparts
  2071 | D:3      | Reached skill level 6 in Stealth
  2241 | D:3      | Reached skill level 3 in Fighting
  2241 | D:3      | Reached skill level 3 in Throwing
  2241 | D:3      | Reached XP level 5. HP: 32/32 MP: 5/7
  2247 | D:3      | Reached skill level 2 in Ice Magic
  2607 | D:3      | Killed from afar by an orc wizard

Illustrated notes

Levels and vault maps discovered:
D:1:      dpeg_arrival_renting, layout_basic
D:2:      layout_loops_ring
D:3:      layout_loops_corners, mainiacjoe_overflow_two_lobes,
          minmay_splitting_lines

Skill      XL: |  1  2  3  4  5 |
---------------+----------------+-----
Short Blades   | 3 |  3.0
Spellcasting   | 1 |  1.6
Dodging        | 2 |  2.0
Ice Magic      | 1 2 |  2.0
Stealth        | 6 |  6.0
Fighting       | 3 |  3.0
Throwing       | 3 |  3.0

Action                   |  1- 3 |  4- 6 || total
-------------------------+-------+-------++-------
Melee: Dagger            |    70 |    64 ||   134
       Punch             |     1 |       ||     1
 Cast: Freeze            |     8 |     7 ||    15
 Stab: Sleeping          |    16 |    19 ||    35
       Distracted        |     1 |       ||     1
Armor: Robe              |    13 |    15 ||    28
Dodge: Dodged            |    47 |    27 ||    74

Table legend: (Time is in decaauts)
 A = Elapsed time spent in this place.
 B = Non-inter-level travel time spent in this place.
 C = Inter-level travel time spent in this place.
 D = Time resting spent in this place.
 E = Time spent auto-exploring this place.
 F = Levels seen in this place.
 G = Mean time per level.
                   A        B        C        D        E       F      G
               +--------+--------+--------+--------+--------+-----+--------+
         Total |   2587 |   2518 |     69 |    144 |    976 |   3 |  862.3 |
       Dungeon |   2587 |   2518 |     69 |    144 |    976 |   3 |  862.3 |
               +--------+--------+--------+--------+--------+-----+--------+

Top non-repeatable levels by time:
     D:1: 1011 daAuts
     D:3: 825 daAuts
     D:2: 750 daAuts
